 Dungeon Crawl Stone Soup version 0.29-a0-541-gaf1fc19f1b (webtiles) character file.

Game seed: 13663723071387229456

37 Essalna the Sneak (level 3, 0/16 HPs)
             Began as a Spriggan Enchanter on June 2, 2022.
             Slain by Jessica
             ... wielding a +0 club
              (1 damage)
             ... on level 2 of the Dungeon.
             The game lasted 00:02:43 (1274 turns).

Essalna the Sneak (Spriggan Enchanter)              Turns: 1274, Time: 00:02:43

Health: 0/16       AC:  4    Str:  4    XL:     3   Next: 21%
Magic:  3/8        EV: 17    Int: 18    God:
Gold:   72         SH:  0    Dex: 15    Spells: 5/8 levels left

rFire   . . .      SeeInvis +   a - +1 dagger
rCold   . . .      Faith    .   (no shield)
rNeg    . . .      Spirit   .   b - +0 robe
rPois   .          Reflect  .   (helmet restricted)
rElec   .          Harm     .   d - +1 cloak
rCorr   .          Rampage  .   (gloves unavailable)
Will    .....                   (boots unavailable)
Stlth   +++.......              (no amulet)
HPRegen 0.05/turn               (no ring)
MPRegen 0.11/turn               (no ring)

@: very quick
A: very small, no large weapons, unfitting armour, see invisible, speed 3
a: no special abilities


You were on level 2 of the Dungeon.
You visited 1 branch of the dungeon, and saw 2 of its levels.

You collected 72 gold pieces.

Inventory:

Hand Weapons
 a - a +1 dagger (weapon)
Armour
 b - a +0 robe (worn)
 d - a +1 cloak (worn)
Scrolls
 e - 2 scrolls of identify {unknown}
 f - 2 scrolls of teleportation {unknown}
 i - a scroll of amnesia {unknown}
Potions
 c - 2 potions of invisibility
 g - a potion of lignification {unknown}
 h - 3 potions of berserk rage {unknown}
 j - a potion of haste {unknown}
 k - a potion of brilliance {unknown}


   Skills:
 + Level 2.1 Short Blades
 - Level 2.6 Dodging
 + Level 5.2 Stealth
 - Level 3.0 Spellcasting
 + Level 4.1 Hexes


You had 5 spell levels left.
You knew the following spells:

 Your Spells              Type           Power      Damage    Failure   Level
a - Confusing Touch       Hex            17%        N/A       9%          3

Your spell library contained the following spells:

 Spells                   Type           Power      Damage    Failure   Level
 Tukima's Dance           Hex            17%        N/A       9%          3
 Ensorcelled Hibernation  Hex/Ice        20%        N/A       11%         2
 Dazzling Flash           Conj/Hex       20%        N/A       22%         3


Dungeon Overview and Level Annotations

Branches:
Dungeon (2/15)

Altars:

Annotations:
D:2 Jessica


Innate Abilities, Weirdness & Mutations

You are very small and have problems with some larger weapons.
You are too small for most types of armour.
You have supernaturally acute eyesight. (SInv)
You cover ground extremely quickly. (Speed+++)


Message History

Jessica shouts!
You finish memorising.
Spell assigned to 'a'.
Casting: Confusing Touch (extremely dangerous; 9% risk of failure)
Confirm with . or Enter, or press ? or * to list all spells.
The spell is extremely dangerous to miscast (9% risk of failure)!
Continue anyway?
You miscast Confusing Touch.
You are very lightly contaminated with residual magic.
Nothing appears to happen.
Jessica gestures wildly while chanting.
Jessica seems to speed up.
Jessica mumbles some strange words.
Jessica blinks!
No target in view!
No target in view!
Casting: Confusing Touch (extremely dangerous; 9% risk of failure)
Confirm with . or Enter, or press ? or * to list all spells.
The spell is extremely dangerous to miscast (9% risk of failure)!
Continue anyway?
Your hands begin to glow red.
Jessica gestures at you while chanting.
You struggle to resist.
Jessica gestures at you while chanting. Pain shoots through your body!
You hit Jessica but do no damage.
Jessica appears confused.
Jessica barely misses you. Jessica hits you with a +0 club.
You hit Jessica.
Jessica is moderately wounded.
Your magical contamination has completely faded away.
You are too injured to fight recklessly!
Jessica hits you with a +0 club.
You hit Jessica but do no damage.
Jessica is moderately wounded.
Jessica barely misses you.
You hit Jessica but do no damage.
Jessica is moderately wounded.
You hit Jessica.
Jessica is heavily wounded.
Jessica hits you with a +0 club.
* * * LOW HITPOINT WARNING * * *
Jessica hits you with a +0 club.
You die...

#.# #.# ##.###.# # #...#
#.# #. #...# #.# #.
#...# #.# ####.####.###
#.# #.......#.# ...
#.......#)# #.#
#.....@@#.#########.#
#...............#.##.###
#.....(..#.####..#....†.
................###.####
##.......#.#####.#.##
####.###### ##.## #. ###
.. ##


You could see Jessica (fast, confused).

Vanquished Creatures
  4 ball pythons (D:1)
  An endoplasm (D:1)
  3 giant cockroaches
  2 goblins
  3 hobgoblins
  2 jackals (D:2)
  7 kobolds
  A quokka (D:1)
  2 bats
  4 frilled lizards (D:1)
  6 rats
35 creatures vanquished.

Notes
Turn   | Place    | Note
-------+----------+-------------------------------------------
     0 | D:1      | Essalna the Spriggan Enchanter began the quest for the Orb.
     0 | D:1      | Reached XP level 1. HP: 9/9 MP: 5/5
   317 | D:1      | Reached XP level 2. HP: 11/13 MP: 7/7
   607 | D:1      | Found a faded altar of an unknown god.
   820 | D:1      | Reached skill level 5 in Stealth
  1047 | D:2      | Reached XP level 3. HP: 16/16 MP: 8/8
  1187 | D:2      | Noticed Jessica
  1259 | D:2      | Learned a level 3 spell: Confusing Touch
  1274 | D:2      | Slain by Jessica

Illustrated notes

Levels and vault maps discovered:
D:1:      dpeg_arrival_pond, layout_rooms, hellmonk_ecumenical_altar_zigzags
D:2:      layout_loops_ring, uniq_jessica

Skill      XL: |  1  2 |
---------------+-------+-----
Spellcasting   | 3 |  3.0
Hexes          | 4 |  4.1
Stealth        | 5 |  5.2
Short Blades   | 2 |  2.1
Dodging        | |  2.6

Action                   || total
-------------------------++-------
Melee: Dagger            ||   150
 Cast: Confusing Touch   ||     1
 Stab: Sleeping          ||     7
Armor: Robe              ||    23
Dodge: Dodged            ||   114

Table legend: (Time is in decaauts)
 A = Elapsed time spent in this place.
 B = Non-inter-level travel time spent in this place.
 C = Inter-level travel time spent in this place.
 D = Time resting spent in this place.
 E = Time spent auto-exploring this place.
 F = Levels seen in this place.
 G = Mean time per level.
                   A        B        C        D        E       F      G
               +--------+--------+--------+--------+--------+-----+--------+
         Total |   1027 |   1009 |     18 |      0 |    701 |   2 |  513.5 |
       Dungeon |   1027 |   1009 |     18 |      0 |    701 |   2 |  513.5 |
               +--------+--------+--------+--------+--------+-----+--------+

Top non-repeatable levels by time:
     D:1: 833 daAuts
     D:2: 193 daAuts
